[Event "1000 GM Labor Day Super Swiss 2024"]
[Site "San Jose"]
[Date "2024.09.02"]
[Round "5.14"]
[White "Yan, Nathan"]
[Black "Guo, Andrew"]
[Result "1/2-1/2"]
[Annotator "TA"]
[ECO "D14"]
[WhiteElo "2160"]
[BlackElo "2207"]
[PlyCount "91"]
[EventDate "2024.08.30"]
[EventType "swiss"]
[EventCountry "USA"]
[SourceTitle "playchess.com"]
[Source "ChessBase"]
[SourceQuality "1"]
[TimeControl "5400+30"]

1. d4 d5 2. c4 c6 3. cxd5 cxd5 4. Nc3 Nc6 5. Nf3 Nf6 6. Bf4 Bf5 7. e3 e6 8. Bd3 Bxd3 9. Qxd3 Bd6 10. Bxd6 Qxd6 11. O-O O-O 12. a3 a6 13. Rac1 Rac8 14. Rc2 Rc7 15. Rfc1 Rfc8 {[%emt 0:00:04] The position is equal.} 16. Ne2 Ne7 17. Rxc7 Rxc7 18. Rxc7 Qxc7 19. Qc3 Qxc3 20. Nxc3 $11 {[%emt 0:00:00][%mdl 4096] Endgame. KNN-KNN} Nc6 21. Kf1 Kf8 22. Ke2 Ke7 23. h3 h6 24. Kd3 Kd6 25. b4 b5 26. Nd2 Nd7 27. f4 f5 28. Nf3 Nf6 29. Ne5 Ne4 30. Nxe4+ fxe4+ 31. Ke2 Nxe5 32. fxe5+ {[%emt 0:00:00] KP-KP} Ke7 33. Kf2 g5 34. g4 Kf7 35. Kg3 Kg6 36. h4 Kf7 37. hxg5 hxg5 38. Kf2 Ke7 39. Ke2 Kd7 40. Kd2 Kc6 41. Kc3 Kb6 42. Kb3 a5 43. Kc2 a4 44. Kc3 Kc6 45. Kd2 Kb6 46. Kc3 {[%emt 0:00:00] An uneventful encounter.   Weighted Error Value: White=0.00 (flawless) /Black=0.01 (flawless) .  OK:         	White=15    	Black=15} 1/2-1/2

[Event "1000 GM Labor Day Super Swiss 2024"]
[Site "San Jose"]
[Date "2024.09.02"]
[Round "5.15"]
[White "Angeles Mercado, Anthony R"]
[Black "Kiewra, Keaton"]
[Result "0-1"]
[Annotator "TA"]
[ECO "B52"]
[WhiteElo "2083"]
[BlackElo "2287"]
[PlyCount "46"]
[EventDate "2024.08.30"]
[EventType "swiss"]
[EventCountry "USA"]
[SourceTitle "playchess.com"]
[Source "ChessBase"]
[SourceQuality "1"]
[TimeControl "5400+30"]

1. e4 c5 2. Nf3 d6 3. Bb5+ Bd7 4. Bxd7+ Qxd7 5. O-O Nf6 6. Re1 Nc6 7. c3 e6 8. d4 cxd4 9. cxd4 d5 10. e5 Ne4 11. Nbd2 Nxd2 12. Bxd2 Be7 13. Rc1 O-O 14. Rc3 Rac8 15. a3 b5 16. Rd3 Bd8 {[%emt 0:00:42] Black is slightly better.} 17. h4 Bb6 18. h5 h6 19. g4 f6 20. exf6 Rxf6 {[%emt 0:00:08] [#] ...Rcf8 is the strong threat.} 21. g5 (21. Be3 $1 $11) 21... hxg5 $17 22. Bxg5 Rf5 {[%emt 0:00:10][%cal Oc6d4] White must now prevent ...Nxd4!} 23. Ne5 $2 (23. Bh4 $17) 23... Rxg5+ {[%emt 0:00:38] Weighted Error Value: White=0.70/Black=0.06 (flawless) .  Loses game:     	White=1     	---        Mistake:       	White=1     	---        Inaccurate:     	---       	Black=1      OK:         	White=2     	Black=1      Best:        	---       	Black=3} 0-1

[Event "1000 GM Labor Day Super Swiss 2024"]
[Site "San Jose"]
[Date "2024.09.02"]
[Round "5.16"]
[White "Piasetski, Leon"]
[Black "Tang, Dylan"]
[Result "1/2-1/2"]
[Annotator "TA"]
[ECO "E14"]
[WhiteElo "2167"]
[BlackElo "2092"]
[PlyCount "35"]
[EventDate "2024.08.30"]
[EventType "swiss"]
[EventCountry "USA"]
[SourceTitle "playchess.com"]
[Source "ChessBase"]
[SourceQuality "1"]
[TimeControl "5400+30"]

1. c4 e6 2. Nf3 Nf6 3. b3 d5 4. Bb2 Be7 5. e3 O-O 6. d4 b6 7. Bd3 Bb7 8. O-O c5 9. Nbd2 Nc6 10. Rc1 cxd4 11. exd4 Rc8 12. Qe2 Bd6 13. Ne5 Qe7 14. Rcd1 Rfd8 15. Ndf3 Rc7 16. Ng5 Qe8 (16... Rf8 $11 {remains equal.}) 17. f4 {[%emt 0:05:46] White has more active pieces.} ({White should try} 17. Rfe1 $16) 17... g6 (17... h6 $11 {keeps the balance.}) 18. Qf2 {[%emt 0:16:17] White took control after the opening.   Weighted Error Value: White=0.16 (very precise) /Black=0.43.  Mistake:       	White=1     	Black=2      OK:         	White=3     	Black=2} 1/2-1/2

[Event "1000 GM Labor Day Super Swiss 2024"]
[Site "San Jose"]
[Date "2024.09.02"]
[Round "5.17"]
[White "Garduno Huerta, Joshua Emiliano"]
[Black "Zuluaga Mancilla, Cesar"]
[Result "1/2-1/2"]
[Annotator "TA"]
[ECO "D37"]
[WhiteElo "2056"]
[BlackElo "2166"]
[PlyCount "150"]
[EventDate "2024.08.30"]
[EventType "swiss"]
[EventCountry "USA"]
[SourceTitle "playchess.com"]
[Source "ChessBase"]
[SourceQuality "1"]
[TimeControl "5400+30"]

1. d4 d5 2. c4 e6 3. Nc3 Nf6 4. Nf3 a6 5. cxd5 exd5 6. Bg5 {[%emt 0:00:07] D37: Queen's Gambit Declined: 5 Bf4.} c6 7. e3 h6 8. Bh4 Be7 9. Bd3 Be6 10. Rb1 $146 ({Predecessor:} 10. O-O O-O 11. h3 Nbd7 12. Qc2 Re8 13. Ne2 Ne4 14. Bxe7 Rxe7 15. Bxe4 dxe4 16. Qxe4 Bxh3 {½-½ Remolar Gallen,J (2305)-Vega Gutierrez,S (2361) Santiago de Compostela Bicapawn GP Rap rapid 2022 (9)}) 10... Nbd7 11. b4 a5 12. a3 axb4 13. axb4 Ne4 14. Bxe7 Qxe7 15. Qc2 f5 16. O-O O-O 17. Na4 b5 18. Nc5 Nexc5 19. dxc5 f4 20. Rfe1 fxe3 21. Rxe3 Qf6 22. Qb2 Bg4 23. Qxf6 Nxf6 24. Nd4 Bd7 25. h3 Rfe8 26. Rxe8+ Bxe8 27. Re1 Bd7 {[%emt 0:05:55] [#]} (27... Ra4 $11) 28. Bf5 $1 $16 Be8 {[%emt 0:06:32] [#]} (28... Bxf5 $142 29. Nxf5 Kf7 30. Re7+ Kf8) 29. Bc2 (29. Re6 $1 $16) 29... Ra2 $14 30. Re2 Ra1+ 31. Kh2 Bd7 (31... Kf7 $11 {remains equal.}) 32. Bf5 (32. g4 $16) 32... Rd1 $1 $11 (32... Bxf5 33. Nxf5 Kh7 34. Re7 $18) 33. Bxd7 Rxd4 34. Bxc6 Rxb4 35. Bb7 Rc4 36. c6 Kf7 37. Rb2 b4 38. Rxb4 ({But not} 38. c7 Rxc7 39. Rxb4 Ke6 $15) 38... Rxb4 39. c7 Rc4 $1 ({Reject} 39... Rxb7 $6 40. c8=Q (40. c8=B $2 {too greedy.} Rb2 $19) 40... Rd7 41. Qc2 $16) 40. c8=Q Rxc8 41. Bxc8 Ke7 42. Kg3 Ne4+ 43. Kf4 Kf6 44. f3 g5+ 45. Ke3 Nd6 46. Ba6 Ke5 47. Bd3 d4+ 48. Kf2 Nb7 49. g3 Nc5 50. Bc4 Na4 51. Ke2 Nc5 52. Kd2 Kf5 53. Bd3+ Ke5 54. Bc4 Na4 55. Bb3 Nc5 56. Bc4 Kf5 57. Bd3+ Kf6 58. Bb5 Kg7 59. Be8 Kf8 60. Bg6 Ke7 61. Bh7 Kd6 62. Bg6 Nd7 63. f4 gxf4 64. gxf4 Nc5 65. h4 Ne6 66. f5 Nf4 67. h5 Ke5 68. Kc2 Nd5 69. Kd2 Nf6 70. Kd3 Ne4 71. Kc4 Nf6 72. Kd3 Nd5 73. Kc4 Nf6 74. Kd3 Nd5 75. Kc4 Nf6 1/2-1/2

[Event "1000 GM Labor Day Super Swiss 2024"]
[Site "San Jose"]
[Date "2024.09.02"]
[Round "5.18"]
[White "Champsi, Imran"]
[Black "Montes Orozco, Miguel Angel"]
[Result "0-1"]
[Annotator "TA"]
[ECO "B43"]
[WhiteElo "2012"]
[BlackElo "2155"]
[PlyCount "64"]
[EventDate "2024.08.30"]
[EventType "swiss"]
[EventCountry "USA"]
[SourceTitle "playchess.com"]
[Source "ChessBase"]
[SourceQuality "1"]
[TimeControl "5400+30"]

1. e4 c5 2. Nc3 Nc6 3. Nf3 e6 4. d4 cxd4 5. Nxd4 Qc7 6. g3 a6 7. a3 Nf6 8. Bg2 b5 9. O-O Bb7 10. h3 Be7 11. Kh2 h5 12. f4 $2 (12. Kg1 $11 {and White is okay.}) 12... Nxd4 13. Qxd4 Bc5 14. Qd2 {[%emt 0:02:59] [#]} Ng4+ $1 15. Kh1 Ne3 16. Re1 Nxg2 17. Kxg2 f5 {[%emt 0:00:49] aiming for ...0-0-0.} 18. h4 b4 ({Better is} 18... O-O {[%cal Od7d5] Strongly threatening ...d5!} 19. Kh2 e5) 19. axb4 Bxb4 {[%emt 0:00:40] This pair of bishops is nice.} 20. Kh2 Bxe4 21. Qd4 Bxc3 22. bxc3 O-O (22... Bxc2 $2 {too greedy.} 23. Qxg7 O-O-O 24. Rxa6 $16) 23. c4 d5 (23... a5 $142 24. Ba3 Rfb8) 24. c5 Rfb8 ({Don't play} 24... Bxc2 $6 25. Rxe6 Kh7 26. Rexa6 Rxa6 27. Rxa6 $15) 25. Ba3 Rb5 (25... Bxc2 26. Rxe6 Qf7 27. Rb6 Rxb6 28. cxb6) 26. c4 (26. Reb1 $17) 26... dxc4 $19 27. Qxc4 Bd5 28. Qd4 Rab8 29. Re2 $2 (29. Qe5 Qxe5 30. Rxe5) 29... Rb1 30. Rc2 {[%emt 0:03:56] White is weak on the light squares} Qa5 {[%emt 0:02:41] Black mates.} 31. Bb2 {[%emt 0:01:49] [#]} R8xb2 $1 32. Rxa5 (32. Rxb2 Qxa1) 32... Rh1# {[%emt 0:00:39] Weighted Error Value: White=0.71/Black=0.11 (very precise) .  Loses game:     	White=1     	---        Mistake:       	White=2     	Black=2      Inaccurate:     	White=2     	Black=1      OK:         	White=2     	Black=10     Best:        	White=2     	Black=2      Brilliant:      	---       	Black=1} 0-1

[Event "1000 GM Labor Day Super Swiss 2024"]
[Site "San Jose"]
[Date "2024.09.02"]
[Round "5.19"]
[White "Harish, Neeraj"]
[Black "Widjaja, Luke"]
[Result "0-1"]
[Annotator "TA"]
[ECO "A14"]
[WhiteElo "2118"]
[BlackElo "2056"]
[PlyCount "50"]
[EventDate "2024.08.30"]
[EventType "swiss"]
[EventCountry "USA"]
[SourceTitle "playchess.com"]
[Source "ChessBase"]
[SourceQuality "1"]
[TimeControl "5400+30"]

1. c4 e6 2. Nf3 d5 3. g3 Nf6 4. Bg2 Be7 5. O-O O-O 6. b3 d4 7. e3 c5 8. Ne5 {[%emt 0:00:38][%cal Bf3e5,Be5d3,Bd3f2][%mdl 32] Repels Nc6} Qc7 9. exd4 cxd4 {[%emt 0:01:03] The position is equal.} 10. f4 Nfd7 11. Nd3 Nc6 12. Nf2 a5 13. a3 b6 14. d3 Bb7 15. Bb2 Bc5 16. Nd2 f5 17. Nf3 Rae8 18. b4 axb4 $17 19. axb4 Nxb4 20. Nxd4 (20. Ba3 $17) 20... Bxg2 $19 21. Kxg2 e5 22. Nb5 {[%emt 0:01:49] [#]} Qc6+ 23. Kg1 exf4 24. gxf4 (24. d4 fxg3 25. hxg3) 24... Re6 {[%emt 0:01:34] ( -> ...Rg6+)} 25. d4 Rg6+ {[%emt 0:00:09] Weighted Error Value: White=0.54/Black=0.04 (flawless) .  Mistake:       	White=3     	---        Inaccurate:     	White=3     	---        OK:         	White=5     	Black=5      Best:        	White=1     	Black=4} 0-1

[Event "1000 GM Labor Day Super Swiss 2024"]
[Site "San Jose"]
[Date "2024.09.02"]
[Round "5.20"]
[White "Alfaro, William"]
[Black "Bhatta, Rohit"]
[Result "1/2-1/2"]
[Annotator "TA"]
[ECO "A13"]
[WhiteElo "2137"]
[BlackElo "2025"]
[PlyCount "86"]
[EventDate "2024.08.30"]
[EventType "swiss"]
[EventCountry "USA"]
[SourceTitle "playchess.com"]
[Source "ChessBase"]
[SourceQuality "1"]
[TimeControl "5400+30"]

1. Nf3 d5 2. c4 e6 3. g3 Nf6 4. Bg2 dxc4 5. O-O Nbd7 6. Na3 Bxa3 7. bxa3 O-O 8. Qc2 Nb6 9. Ne5 Nfd5 10. Nxc4 (10. Bb2 {is more complex.} Bd7 11. Nxc4 Ba4 12. Qe4) 10... Nxc4 11. Qxc4 b6 12. Bb2 Rb8 13. d4 Bb7 14. Rad1 Nf6 15. Bxb7 Rxb7 16. Qc6 (16. Rc1 {simplifies} Qd5 17. Qxd5 Nxd5 18. a4) 16... Qd5 17. Rc1 Rd8 18. a4 Rd6 19. Qxd5 (19. Qc2 {seems wilder.} Rd8 20. Rfd1 Rbb8 21. Qb3) 19... exd5 20. Rc2 c6 21. Rfc1 {[%emt 0:00:41][%cal Ob2a3] next Ba3! is good for White.} Rc7 $1 {[%emt 0:00:31] [#]} 22. a5 $1 b5 (22... Rc8 $11 {remains equal.}) (22... g5 23. Rb1) 23. a4 bxa4 24. Ra1 Rb7 25. Rxa4 Re6 26. a6 Rb6 27. e3 Nd7 28. Bc3 h6 29. Rca2 Re8 30. Kf1 Reb8 31. Ke2 f5 32. f3 Kf7 33. Kd3 c5 34. Kc2 c4 35. Ra5 Rb5 36. R2a4 {[%emt 0:01:23] The position is equal.} Ke6 (36... Rxa5 {simplifies} 37. Rxa5 Ke6 38. e4 fxe4 39. fxe4 Nf6) 37. e4 fxe4 (37... Rxa5 {simplifies} 38. Rxa5 fxe4 39. fxe4 Nf6) 38. fxe4 Nf6 {[%emt 0:00:37] [#] And now ...Rxa5 would win.} (38... Rxa5 {simplifies} 39. Rxa5 Nf6 40. exd5+ Nxd5 41. Bd2 Rf8) 39. e5 Ne4 40. Rxb5 Rxb5 41. Rb4 Nxc3 ({Don't blunder} 41... Ra5 $2 42. Rb6+ axb6 43. Bxa5 $18) 42. Kxc3 Rxb4 43. Kxb4 h5 {[%emt 0:00:16] Weighted Error Value: White=0.08 (flawless) /Black=0.07 (flawless) .  Mistake:       	---       	Black=1      Inaccurate:     	White=4     	Black=3      OK:         	White=14    	Black=15     Best:        	White=1     	Black=1      Strong:       	---       	Black=1} 1/2-1/2

[Event "1000 GM Labor Day Super Swiss 2024"]
[Site "San Jose"]
[Date "2024.09.02"]
[Round "5.21"]
[White "Gui, Suyuan"]
[Black "Gonzalez Zharikov, Andrey"]
[Result "1-0"]
[Annotator "NA RC"]
[ECO "B12"]
[WhiteElo "2033"]
[BlackElo "2070"]
[PlyCount "101"]
[EventDate "2024.08.30"]
[EventType "swiss"]
[EventCountry "USA"]
[SourceTitle "playchess.com"]
[Source "ChessBase"]
[SourceQuality "1"]
[TimeControl "5400+30"]

1. e4 c6 2. d4 d5 3. e5 Bf5 4. h4 h5 5. c4 dxc4 $11 6. Bxc4 e6 7. Nc3 Nd7 8. Nge2 Nb6 9. Bb3 Ne7 {[%emt 0:07:16] B12: Caro-Kann: Advance Variation.} 10. Ng3 Bg6 11. Bg5 Qd7 12. O-O Nf5 13. Nge2 Be7 14. Bxe7 Nxe7 15. Nf4 Rd8 16. Qf3 Nbd5 17. Ncxd5 cxd5 18. Nxg6 Nxg6 19. g3 Ne7 20. Rac1 Nf5 (20... g6 $11) 21. Rfd1 g6 22. Bc2 O-O 23. Bxf5 exf5 24. Rc3 a6 25. b3 Rfe8 26. Rdc1 Qe6 27. Rc7 Re7 28. Qf4 Rxc7 29. Rxc7 Rd7 30. Rc8+ Kg7 31. Qc1 Qe7 32. Kf1 Rd8 33. Qc7 Re8 34. Qxe7 Rxe7 35. Rd8 Rc7 36. Rxd5 Rc1+ 37. Kg2 Rd1 38. Rd7 Kf8 39. Kf3 Rd2 40. Ke3 Rxa2 41. Rxb7 a5 42. d5 a4 43. d6 Ke8 44. bxa4 Rxa4 45. Re7+ Kf8 46. f3 Rb4 47. e6 fxe6 48. Rxe6 Kf7 49. d7 Rb8 50. Rd6 Rd8 51. Kf4 1-0

[Event "1000 GM Labor Day Super Swiss 2024"]
[Site "San Jose"]
[Date "2024.09.02"]
[Round "5.22"]
[White "Ubaldo Suarez, Maria Gisela"]
[Black "Karthi, Jashith"]
[Result "0-1"]
[Annotator "TA"]
[ECO "D26"]
[WhiteElo "1958"]
[BlackElo "2066"]
[PlyCount "81"]
[EventDate "2024.08.30"]
[EventType "swiss"]
[EventCountry "USA"]
[SourceTitle "playchess.com"]
[Source "ChessBase"]
[SourceQuality "1"]
[TimeControl "5400+30"]

1. d4 d5 2. Nf3 Nf6 3. c4 e6 4. Nc3 dxc4 5. e3 a6 6. Bxc4 b5 7. Bd3 Bb7 8. O-O Nbd7 9. a3 c5 10. Re1 Be7 {[%emt 0:00:33] Black is slightly better.} 11. Bc2 O-O 12. Ne5 Nxe5 13. dxe5 Qxd1 (13... Nd7 $17 14. f4 c4) 14. Rxd1 $11 Nd5 15. Ne4 f5 16. exf6 Nxf6 17. Ng3 Rad8 18. Bd2 Ng4 19. f3 Ne5 20. Bc3 Nc4 21. Nf1 Rd5 22. e4 Rxd1 23. Rxd1 {[%emt 0:00:15] [#] Strongly threatening Rd7.} b4 24. axb4 cxb4 25. Be1 a5 26. b3 Na3 27. Bd3 Rd8 $36 {[%emt 0:00:51][%mdl 2048] And now ...Ba6 would win. Black fights for an advantage.} 28. Be2 Rxd1 29. Bxd1 Nb5 30. Be2 Nc3 31. Bc4 Kf7 32. Bf2 Bc6 33. Ne3 (33. Bb6 $11) 33... a4 $17 34. bxa4 Bxa4 {[%emt 0:00:13] ...b3 is the strong threat.} 35. Bd3 (35. Ng4 $17 {keeps fighting.}) 35... b3 36. Nc4 {[%emt 0:00:26] [#]} Bb5 $1 37. Ne5+ Ke8 38. Bxb5+ (38. Bd4 $142 Bxd3 39. Bxc3) 38... Nxb5 $19 39. Nc4 Na3 40. Nxa3 (40. Nd2 b2 41. Bd4) 40... Bxa3 41. Bd4 {[%emt 0:00:05] Weighted Error Value: White=0.33/Black=0.09 (flawless) .  Mistake:       	White=4     	Black=1      Inaccurate:     	White=6     	---        OK:         	White=11    	Black=12     Best:        	White=1     	Black=1      Strong:       	---       	Black=1} 0-1